 Dungeon Crawl Stone Soup version 0.30-a0-534-gdc55766716 (webtiles) character file.

Game seed: 6377872143533756891

600324 avis the Acrobat (level 25, -7/191 HPs)
             Began as a Demigod Hunter on Dec 22, 2022.
             Drowned by a quicksilver ooze (11 damage)
             ... created by the Royal Jelly
             ... on level 4 of the Pits of Slime on Dec 24, 2022.
             The game lasted 10:28:09 (78212 turns).

avis the Acrobat (Demigod Hunter)                  Turns: 78212, Time: 10:28:09

Health: -7/191     AC: 21    Str: 16    XL:     25   Next: 19%
Magic:  42/42      EV: 63    Int: 23    God:
Gold:   4454       SH: 26    Dex: 64    Spells: 23/32 levels left

rFire   + + +      SeeInvis +    a - +12 sling "Kideleas" {elec, Int+4 Dex+3 SInv Stlth+}
rCold   + + .      Faith    .    g - +0 kite shield {reflect}
rNeg    + + .      Spirit   .    K - +5 faerie dragon scales {rN++ rCorr MP+9 Int+4}
rPois   +          Reflect  +    T - +2 helmet
rElec   .          Harm     .    M - +1 cloak {rPois}
rCorr   +          Rampage  .    v - +0 pair of fencer's gloves {Riposte Dex+3}
Will    ++++.      Rage     3%   t - +2 pair of boots {rF+}
Stlth   +++++++                  U - amulet "Tuab" {Drain rF+ rC+ Will+ Regen+}
HPRegen 1.31/turn                V - ring of the Lion {rF+ Will+ Dex+4 Slay+3}
MPRegen 0.28/turn                Q - ring of Famysamo {rC+ Str+6 Int+4 Dex+5}

@: engulfed (cannot breathe), studying Spellcasting
A: high MP 1, forlorn, divine attributes, berserk 1, deformed body, frail 1,
weak 1
}: 3/15 runes: serpentine, barnacled, silver
a: no special abilities


You were on level 4 of the Pits of Slime.
You visited 12 branches of the dungeon, and saw 50 of its levels.
You also visited: Trove, Gauntlet and Volcano.

You collected 7391 gold pieces.
You spent 2937 gold pieces at shops.

Inventory:

Hand Weapons
 a - the +12 sling "Kideleas" (weapon) {elec, Int+4 Dex+3 SInv Stlth+}
   (You found it on level 11 of the Dungeon)

   Any ammunition fired from it occasionally discharges a powerful burst of
   electricity upon striking a foe.
   Int:       It affects your intelligence (+4).
   Dex:       It affects your dexterity (+3).
   SInv:      It lets you see invisible.
   Stlth:     It makes you more stealthy.
 b - a +5 hand crossbow of flaming
 c - the +5 long sword "Giantslayer" {pain, Fly}
   (You bought it in a shop on level 10 of the Dungeon)

   In the hands of one skilled in necromantic magic, it inflicts extra damage on
   living creatures.
   Fly:       It grants you flight.
 w - the +7 double sword of the Lettuce {vorpal, rF+}
   (You took it off a deep elf blademaster on level 3 of the Elven Halls)

   It inflicts extra damage upon your enemies.
   rF:        It protects you from fire.
Missiles
 l - 5 throwing nets
Armour
 g - a +0 kite shield of reflection (worn)
 t - a +2 pair of boots of fire resistance (worn)
 v - the +0 pair of fencer's gloves (worn) {Riposte Dex+3}
   (You found it on level 5 of the Dungeon)

   It allows the wearer to riposte with melee weapons, swiftly retaliating
   against missed or blocked melee attacks.
   Dex:       It affects your dexterity (+3).
 K - the +5 faerie dragon scales (worn) {rN++ rCorr MP+9 Int+4}
   (You took it off the Enchantress on level 2 of the Depths)

   Int:       It affects your intelligence (+4).
   rN:        It greatly protects you from negative energy.
   MP:        It affects your magic capacity (+9).
   rCorr:     It protects you from acid and corrosion.
 M - a +1 cloak of poison resistance (worn)
 T - a +2 helmet (worn)
Jewellery
 Q - the ring of Famysamo (right hand) {rC+ Str+6 Int+4 Dex+5}
   (You took it off a deep elf elementalist on level 3 of the Elven Halls)

   [ring of strength]

   Str:       It affects your strength (+6).
   Int:       It affects your intelligence (+4).
   Dex:       It affects your dexterity (+5).
   rC:        It protects you from cold.
 U - the amulet "Tuab" (around neck) {Drain rF+ rC+ Will+ Regen+}
   (You bought it in a shop on level 5 of the Vaults)

   [amulet of regeneration]

   rF:        It protects you from fire.
   rC:        It protects you from cold.
   Regen:     It increases your rate of health regeneration.
   Drain:     It drains your maximum health when unequipped.
   Will:      It increases your willpower.
 V - the ring of the Lion (left hand) {rF+ Will+ Dex+4 Slay+3}
   (You found it in a Gauntlet)

   [ring of willpower]

   Dex:       It affects your dexterity (+4).
   Slay:      It affects your accuracy & damage with ranged weapons and melee
   (+3).
   rF:        It protects you from fire.
   Will:      It increases your willpower.
Wands
 u - a wand of digging (2)
 y - a wand of mindburst (46)
 B - a wand of flame (82)
 E - a wand of polymorph (15)
 G - a wand of roots (30)
 I - a wand of quicksilver (17)
 L - a wand of paralysis (44)
Scrolls
 f - 6 scrolls of fear
 o - 7 scrolls of blinking
 p - 7 scrolls of fog
 D - 26 scrolls of teleportation
 H - 4 scrolls of butterflies
 W - 5 scrolls of magic mapping
Potions
 h - a potion of cancellation
 i - 4 potions of haste
 m - 5 potions of magic
 q - 5 potions of resistance
 r - 7 potions of might
 x - 3 potions of berserk rage
 C - 10 potions of brilliance
 P - 7 potions of curing
 R - 3 potions of ambrosia
 X - 5 potions of flight
 Z - a potion of heal wounds
Miscellaneous
 j - a lightning rod (1/4)
 s - a phial of floods
 J - a box of beasts
 O - a condenser vane
 S - a phantom mirror


   Skills:
 - Level 15.0 Fighting
 - Level 18.0 Ranged Weapons
 - Level 10.0 Armour
 - Level 22.0 Dodging
 - Level 8.0 Stealth
 - Level 22.0 Shields
 - Level 4.0 Spellcasting
 - Level 12.0 Translocations
 * Level 6.9 Ice Magic
 - Level 10.0 Evocations


You had 23 spell levels left.
You knew the following spells:

 Your Spells              Type           Power      Damage    Failure   Level
b - Blink                 Tloc           100%       N/A       1%          2
m - Manifold Assault      Tloc           56%        N/A       1%          4
o - Ozocubu's Armour      Ice            36%        N/A       3%          3

Your spell library contained the following spells:

 Spells                   Type           Power      Damage    Failure   Level
 Lesser Beckoning         Tloc           100%       N/A       1%          3
 Passage of Golubria      Tloc           56%        N/A       1%          4
 Momentum Strike          Conj/Tloc      64%        3d9       2%          2
 Portal Projectile        Hex/Tloc       64%        N/A       4%          3
 Vhi's Electric Charge    Tloc/Air       64%        N/A       4%          3
 Kindle Blastsparks       Fire/Tloc/Air  46%        2d13      10%         3
 Hailstorm                Conj/Ice       20%        3d6       12%         3
 Iskenderun's Mystic Bla  Conj/Tloc      32%        2d8       14%         4
 Beastly Appendage        Tmut           8%         N/A       17%         1
 Magic Dart               Conj           16%        1d3       17%         1
 Slow                     Hex            16%        N/A       17%         1
 Sting                    Tmut/Pois      16%        1d3       17%         1
 Dispersal                Tloc           28%        N/A       19%         6
 Call Imp                 Summ           4%         N/A       26%         2
 Searing Ray              Conj           8%         2d4       26%         2
 Static Discharge         Conj/Air       8%         2-3/arc   26%         2
 Sublimation of Blood     Necr           4%         N/A       26%         2
 Wereblood                Tmut           4%         N/A       26%         2
 Summon Forest            Summ/Tloc      16%        N/A       36%         5
 Ice Form                 Ice/Tmut       20%        N/A       38%         4
 Call Canine Familiar     Summ           4%         N/A       45%         3
 Confusing Touch          Hex            4%         N/A       45%         3
 Ignite Poison            Fire/Tmut/Pois 4%         N/A       45%         3
 Inner Flame              Hex/Fire       4%         N/A       45%         3
 Mephitic Cloud           Conj/Pois/Air  4%         N/A       45%         3
 Spider Form              Tmut/Pois      4%         N/A       45%         3
 Tukima's Dance           Hex            4%         N/A       45%         3
 Vampiric Draining        Necr           4%         2d6       45%         3
 Metabolic Englaciation   Hex/Ice        10%        N/A       75%         5
 Cause Fear               Hex            2%         N/A       86%         4
 Flame Wave               Conj/Fire      4%         2d5       86%         4
 Fulminant Prism          Conj/Hex       2%         3d5       86%         4
 Leda's Liquefaction      Hex/Erth       2%         N/A       86%         4
 Sticky Flame             Conj/Fire      4%         2d3       86%         4
 Summon Lightning Spire   Summ/Air       4%         N/A       86%         4
 Arcjolt                  Conj/Air       2%         1d12      99%         5
 Iskenderun's Battlesphe  Conj           4%         2d6       99%         5
 Lee's Rapid Deconstruct  Erth           2%         3d4*      99%         5
 Lightning Bolt           Conj/Air       2%         1d13      99%         5
 Summon Mana Viper        Hex/Summ       4%         N/A       99%         5
 Yara's Violent Unravell  Hex/Tmut       2%         3d3       99%         5
 Simulacrum               Ice/Necr       10%        N/A       99%         6
 Iron Shot                Conj/Erth      2%         9d2       100%        6
 Statue Form              Tmut/Erth      2%         N/A       100%        6
 Summon Cactus Giant      Summ           2%         N/A       100%        6
 Haunt                    Necr/Summ      2%         N/A       100%        7
 Malign Gateway           Summ/Tloc      16%        N/A       100%        7
 Spellforged Servitor     Conj/Summ      2%         N/A       100%        7
 Storm Form               Tmut/Air       2%         N/A       100%        7
 Summon Hydra             Summ           2%         N/A       100%        7
 Discord                  Hex            2%         N/A       100%        8
 Disjunction              Tloc           28%        N/A       100%        8
 Ignition                 Fire           2%         3d3       100%        8
 Maxwell's Capacitive Co  Air            2%         ∞         100%        8
 Summon Horrible Things   Summ           2%         N/A       100%        8
 Dragon's Call            Summ           2%         N/A       100%        9


Dungeon Overview and Level Annotations

Branches:
Dungeon (15/15)            Temple (1/1) D:6            Lair (5/5) D:9
 Shoals (4/4) Lair:3        Snake (4/4) Lair:3        Slime (5/5) Lair:5
    Orc (2/2) D:10            Elf (3/3) Orc:2        Vaults (5/5) D:13
  Crypt (1/3) Vaults:2     Depths (4/4) D:15            Zot (1/5) Depths:4
Volcano (visited)         Gauntlet (visited)

Shops:
D:7 (*   D:9 [   D:10 *   Orc:2 ([[(   Elf:1 *   Elf:3 (   Vaults:4 =
Vaults:5 *?   Depths:2 !

Portals:
Hell: Depths:1 Depths:2 Depths:3 Depths:4
Abyss: Slime:1 Depths:1 Depths:3
Pandemonium: Depths:2 Depths:4
Ziggurat: Depths:3

Annotations:
Slime:5 Royal Jelly


Innate Abilities, Weirdness & Mutations

You have an increased reservoir of magic. (+10% MP)
You shall have no god before yourself.
Your divine heritage dramatically boosts your attributes as you level up.
You sometimes lose your temper in combat.
Armour fits poorly on your strangely shaped body.
You are frail. (-10% HP)
You are weak. (Str -2)


Message History

You block the quicksilver ooze's attack. x2
The rockslime completely misses you.
You cannot cast spells while unable to breathe!
You cannot read scrolls while unable to breathe!
Unknown command.
You cannot read scrolls while unable to breathe!
Unknown command.
Aiming: Thunderbolt
Press: ? - help, Shift-Dir - straight line, f/p - rockslime
Aim: a rockslime (severely wounded)
The thunderbolt hits the rockslime but does no damage.
The rockslime is severely wounded.
* * * LOW HITPOINT WARNING * * *
Your lungs strain for air!
The quicksilver ooze completely misses you.
You block the quicksilver ooze's attack.
The quicksilver ooze completely misses you.
You block the quicksilver ooze's attack. x2
The quicksilver ooze completely misses you.
The rockslime misses you.
Aiming: Thunderbolt
Press: ? - help, Shift-Dir - straight line, f/p - rockslime
Aim: a rockslime (severely wounded)
The thunderbolt hits the rockslime.
The rockslime resists.
The rockslime is almost dead.
* * * LOW HITPOINT WARNING * * *
Your lungs strain for air!
You block the quicksilver ooze's attack.
The quicksilver ooze completely misses you.
You block the quicksilver ooze's attack. x2
The rockslime completely misses you.
The quicksilver ooze completely misses you.
You block the quicksilver ooze's attack.
The quicksilver ooze completely misses you. x2
Aiming: Thunderbolt
Press: ? - help, Shift-Dir - straight line, f/p - rockslime
Aim: a rockslime (almost dead)
The thunderbolt hits the rockslime.
The rockslime resists.
The rockslime is almost dead.
You die...

### ###### ## ##
##.###.##.##.##.# ####.##
###................ #.#...#
##..............# ...#.##
#.............### #.#...#
##............#.###
.....####.......@J........##
.....#.##.......JJ......^..#
.........#................##
##.........................#
##........................#
##..........#........##.##
##..#..............## ##
#................##
##........##.##.##


You could see a rockslime and 2 quicksilver oozes.

Vanquished Creatures
  An orb of fire (Zot:1)
  A dread lich (Depths:1)
  A juggernaut (Depths:4)
  Sojobo (Vaults:2)
  Bai Suzhen (Depths:2)
  Xtahua (Vaults:5)
  Frederick (Crypt:1)
  Margery (Crypt:1)
  Vashnia (Snake:4)
  5 caustic shrikes
  Jory (Depths:4)
  3 golden dragons
  A bone dragon (Depths:4)
  the Enchantress (Depths:2)
  A Tzitzimitl (Depths:4)
  An electric golem (Zot:1)
  Rupert (Lair:3)
  Mlioglotl (Snake:2)
  2 tentacled monstrosities
  2 liches
  A quicksilver dragon (Zot:1)
  Jorgrun (Snake:3)
  4 titans
  The ghost of holysushi the Warrior, an adept OgCK of Xom (Snake:2)
  23 acid blobs
  2 deep elf master archers (Elf:3)
  4 sphinxes
  The ghost of sirJeffrey23 the Wrestler, an adept TrGl of Ru (Shoals:1)
  5 deep elf blademasters
  3 death cobs
  Agnes (Snake:3)
  7 shadow dragons
  10 tengu reavers
  5 azure jellies
  2 draconian monks
  Roxanne (D:14)
  11 rockslimes
  3 fenstrider witches (Depths:2)
  Donald (Shoals:1)
  3 storm dragons
  2 draconian knights (Zot:1)
  An iron dragon (Depths:2)
  9 fire giants
  12 deep elf sorcerers
  3 nagarajas (Snake:4)
  15 vault wardens
  8 frost giants
  3 draconian shifters
  A curse skull (Crypt:1)
  4 draconian scorchers
  2 deep elf elementalists (Elf:3)
  A draconian annihilator (Zot:1)
  17 very ugly things
  2 draconian stormcallers
  A caustic shrike zombie (Crypt:1)
  22 ironbound preservers
  2 orc warlords
  6 war gargoyles
  7 quicksilver oozes
  3 spriggan defenders
  6 green draconians
  The ghost of Taurus the Severer, a journeyman MiFi of Okawaru (Lair:5)
  A minotaur (Gauntlet)
  12 stone giants
  7 ironbound thunderhulks
  8 deep elf demonologists
  6 deep elf annihilators (Elf:3)
  4 vampire knights
  3 black draconians
  8 dire elephants
  Nessos (D:14)
  Azrael (Snake:2)
  A lorocyproca (Depths:4)
  4 purple draconians
  2 yellow draconians (Depths:4)
  4 red draconians
  2 spark wasps (Depths:2)
  An eidolon (Crypt:1)
  5 white draconians
  9 deep elf death magi
  4 merfolk impalers
  2 entropy weavers (Vaults:3)
  2 crystal guardians
  Josephine (D:11)
  2 merfolk javelineers (Shoals:4)
  12 jiangshi
  9 yaktaur captains
  9 ettins
  10 great orbs of eyes
  5 deep elf high priests
  3 fire dragons
  4 peacekeepers
  10 ice dragons
  29 vault guards
  5 salamander tyrants
  2 rakshasas
  A fenstrider witch zombie (Crypt:1)
  2 ogre magi
  5 hydras
  3 merfolk avatars
  2 death knights
  A catoblepas (Lair:3)
  6 spriggan air magi
  10 anacondas
  3 alligator snapping turtles
  10 ironbound frosthearts
  7 boulder beetles
  28 dancing weapons
  2 satyrs
  A deep troll earth mage (Depths:4)
  10 naga warriors
  10 centaur warriors
  A satyr (shapeshifter) (Depths:4)
  8 death yaks
  8 tengu warriors
  5 vampire magi
  Urug (Lair:3)
  5 merfolk aquamancers
  2 orc high priests (Orc:2)
  7 two-headed ogres
  2 deep troll shamans
  9 naga sharpshooters
  6 shock serpents
  A shock serpent (shapeshifter) (Vaults:5)
  24 deep elf knights
  5 spriggan berserkers
  2 iron trolls
  4 spriggans
  3 soul eaters (Crypt:1)
  6 hell knights
  Amaemon (D:10)
  4 salamander mystics
  10 skeletal warriors
  A goliath frog (Lair:5)
  9 naga ritualists
  An obsidian statue (Shoals:1)
  A flayed ghost (Crypt:1)
  48 deep trolls
  25 sea snakes
  8 glowing orange brains
  8 wizards
  26 ironbound convokers
  10 deep elf archers
  10 lindwurms
  5 necromancers
  6 orc knights
  11 harpies
  2 harpies (shapeshifter) (D:13)
  A mana viper (shapeshifter) (Vaults:4)
  13 phantasmal warriors
  27 deep elf zephyrmancers
  10 mana vipers
  28 deep elf pyromancers
  2 shining eyes
  An orc sorcerer (Orc:2)
  32 ugly things
  13 salamanders
  A glowing shapeshifter (Depths:4)
  17 manticores
  9 fauns
  A goliath frog skeleton (Crypt:1)
  2 oklob plants (Lair:5)
  A faun (shapeshifter) (Vaults:3)
  4 moths of wrath (Zot:1)
  A jorogumo skeleton (Crypt:1)
  An iron dragon skeleton (Crypt:1)
  3 cyclopes
  8 merfolk sirens
  4 guardian serpents (Snake:4)
  8 elephants (Lair:4)
  6 water nymphs
  11 naga magi
  2 torpor snails
  15 vault sentinels
  An orange demon (D:10)
  A naga zombie (Crypt:1)
  35 black mambas
  7 eyes of devastation
  2 gargoyles
  21 cane toads
  An unseen horror (D:13)
  15 rime drakes
  2 freezing wraiths
  14 komodo dragons
  27 yaktaurs
  An ice devil (Lair:3)
  8 tengu conjurers
  An anaconda simulacrum (Lair:3)
  2 kobold demonologists
  11 trolls
  2 guardian mummies (D:13)
  5 polar bears
  A red devil (Depths:4)
  22 merfolk
  8 wind drakes
  6 hornets
  A tengu simulacrum (Vaults:2)
  A slime creature (shapeshifter) (Vaults:5)
  An unseen horror skeleton (Crypt:1)
  2 tyrant leeches (Lair:5)
  112 slime creatures
  8 dream sheep
  27 blink frogs
  A meliai zombie (D:11)
  10 snapping turtles
  A dream sheep (shapeshifter) (Elf:1)
  3 spriggans (shapeshifter)
  A flying skull (Vaults:2)
  2 centaur simulacra
  3 shadows
  2 yaks (shapeshifter)
  3 air elementals
  A satyr skeleton (Crypt:1)
  3 fire elementals
  29 yaks
  5 fire bats (Volcano)
  An ettin skeleton (Crypt:1)
  19 water elementals
  8 wraiths
  11 vampire mosquitoes
  9 basilisks
  7 wyverns
  2 steam dragons
  2 redbacks (Vaults:3)
  2 chaos spawn (Depths:4)
  A human zombie (Vaults:2)
  2 acid dragons
  3 wargs
  22 nagas
  A fire bat zombie (Crypt:1)
  3 hell hounds
  14 water moccasins
  3 floating eyes
  An ice beast (D:6)
  3 black bears
  An ice beast (shapeshifter) (Vaults:5)
  7 ogres
  25 orc warriors
  3 boggarts (D:15)
  13 wolves
  12 centaurs
  A blink frog skeleton (Crypt:1)
  An elf simulacrum (Vaults:2)
  4 kobold brigands
  15 bullfrogs
  2 necrophages
  3 scorpions
  2 earth elementals (Elf:3)
  14 killer bees
  3 howler monkeys
  5 electric eels
  6 lava snakes (Volcano)
  3 hounds
  21 orc priests
  A gnoll bouda (D:9)
  Ijyb (D:4)
  A boggart zombie (D:11)
  3 iguanas
  24 orc wizards
  A polar bear simulacrum (Lair:3)
  2 troll simulacra (Lair:3)
  Robin (D:2)
  5 gnolls (D:9)
  3 adders
  3 naga simulacra
  2 white imps
  4 worms
  3 dart slugs
  83 orcs
  4 ball pythons
  13 bats
  7 endoplasms
  16 goblins
  9 hobgoblins
  4 jackals (D:3)
  A quokka (D:1)
  2 frilled lizards (D:2)
  A giant cockroach zombie (Crypt:1)
  30 kobolds
  3 rats
1931 creatures vanquished.

Vanquished Creatures (others)
  2 vault guards (Vaults:5)
  A deep elf knight (Vaults:5)
  A deep elf pyromancer (Elf:1)
  A spriggan (Depths:3)
  A naga (Snake:4)
  A human (D:10)
  2 demonic plants (Gauntlet)
  23 fungi
  A lurking horror (Slime:1)
  151 plants
184 creatures vanquished.

Grand Total: 2115 creatures vanquished

Notes
Turn   | Place    | Note
-------+----------+-------------------------------------------
     0 | D:1      | avis the Demigod Hunter began the quest for the Orb.
     0 | D:1      | Reached XP level 1. HP: 17/17 MP: 3/3
    53 | D:1      | Reached skill level 1 in Stealth
   189 | D:1      | Reached XP level 2. HP: 24/24 MP: 4/4
   597 | D:2      | Reached XP level 3. HP: 8/29 MP: 5/5
   838 | D:2      | Noticed Robin
   858 | D:2      | Killed Robin
   900 | D:2      | Reached XP level 4. HP: 36/36 MP: 6/6
  2354 | D:4      | Noticed Ijyb
  2359 | D:4      | Killed Ijyb
  2445 | D:4      | Reached skill level 5 in Ranged Weapons
  2502 | D:4      | You fall into a shaft and drop 1 floor!
  2502 | D:5      | Entered Level 5 of the Dungeon
  2519 | D:5      | Reached XP level 5. HP: 33/41 MP: 7/7
  3619 | D:6      | Reached XP level 6. HP: 48/48 MP: 8/8
  3632 | D:6      | Found a staircase to the Ecumenical Temple.
  3639 | Temple   | Entered the Ecumenical Temple
  3811 | D:6      | Identified the +1 buckler "Umpe" {Str+4}
  3859 | D:6      | Reached skill level 1 in Shields
  4088 | D:5      | Found the +0 pair of fencer's gloves {Riposte Dex+3}
  4289 | D:5      | Reached XP level 7. HP: 55/55 MP: 9/9
  4905 | D:6      | Reached skill level 5 in Dodging
  4926 | D:6      | Noticed a hornet
  4930 | D:6      | Killed a hornet
  5502 | D:6      | Reached XP level 8. HP: 62/62 MP: 10/10
  5721 | D:7      | Found Qeptirph's Antique Weapon Shop.
  5778 | D:7      | Found Weot's Fire Supplies.
  5783 | D:7      | Bought a +2 pair of boots of fire resistance for 258 gold
                  | pieces
  5870 | D:7      | Noticed a hornet
  5878 | D:7      | Killed a hornet
  6301 | D:7      | Noticed an angel
  6525 | D:8      | Reached XP level 9. HP: 65/69 MP: 11/11
  6536 | D:8      | Got the Folio of Damage Dealing
  7497 | D:9      | Found Gaeps's Armour Emporium.
  7809 | D:9      | Noticed a komodo dragon
  7816 | D:9      | Killed a komodo dragon
  8082 | D:9      | Found a staircase to the Lair.
  8320 | D:9      | Reached skill level 10 in Ranged Weapons
  8462 | D:9      | Reached XP level 10. HP: 78/78 MP: 13/13
  8699 | Lair:1   | Entered Level 1 of the Lair of Beasts
  8839 | Lair:1   | Reached skill level 10 in Dodging
  8903 | Lair:1   | Reached skill level 5 in Fighting
  9247 | Lair:1   | Noticed a torpor snail
  9248 | Lair:1   | Noticed a death yak
  9269 | D:9      | Killed a death yak
  9270 | D:9      | Reached XP level 11. HP: 67/86 MP: 14/14
 10255 | Lair:2   | Found a gate leading to a gauntlet.
 10264 | Gauntlet | Entered a Gauntlet
 10264 | Gauntlet | Found a transporter.
 10264 | Gauntlet | Found a transporter.
 10264 | Gauntlet | Found a runed translucent door.
 10265 | Gauntlet | Found a runed translucent door.
 10267 | Gauntlet | Noticed a necromancer
 10276 | Gauntlet | Found a transporter.
 10293 | Gauntlet | Found a transporter.
 10293 | Gauntlet | Found a transporter.
 10293 | Gauntlet | Noticed an obsidian statue
 10295 | Gauntlet | Found a transporter.
 10296 | Gauntlet | Found a transporter.
 10296 | Gauntlet | Found a transporter.
 10299 | Gauntlet | Noticed a thrashing horror
 10308 | Gauntlet | Found a transporter.
 10324 | Gauntlet | Found a transporter.
 10348 | Gauntlet | Found a transporter.
 10352 | Gauntlet | Found a transporter.
 10353 | Gauntlet | Noticed a glowing orange brain
 10396 | Gauntlet | Found a transporter.
 10408 | Gauntlet | Found a transporter.
 10479 | Gauntlet | Identified the ring of the Lion {rF+ Will+ Dex+4 Slay+3}
 10559 | Gauntlet | Identified the amulet of Brilliance {Spirit Will+ Stlth+}
 10671 | Gauntlet | Identified the +2 dire flail of Okawaru's Castigation
                  | {drain, rPois}
 10671 | Gauntlet | Noticed a minotaur
 10694 | Gauntlet | Killed a minotaur
 10891 | Lair:2   | Noticed a death yak
 10895 | Lair:2   | Noticed a death yak
 10896 | Lair:2   | Noticed a death yak
 10928 | Lair:2   | Killed a death yak
 10939 | Lair:2   | Killed a death yak
 10966 | Lair:2   | Killed a death yak
 11623 | Lair:2   | Reached skill level 5 in Stealth
 12006 | D:10     | Entered Level 10 of the Dungeon
 12137 | D:10     | Reached XP level 12. HP: 96/96 MP: 15/15
 12282 | D:10     | Noticed Amaemon
 12293 | D:10     | Killed Amaemon
 12453 | D:10     | Found a staircase to the Orcish Mines.
 12700 | D:10     | Found Qocega's Assorted Antiques.
 12935 | Orc:1    | Entered Level 1 of the Orcish Mines
 13300 | Orc:2    | Entered Level 2 of the Orcish Mines
 13796 | Orc:2    | Found Afaaruo's Armour Shoppe.
 14009 | Orc:2    | Found Neress's Weapon Shoppe.
 14051 | Orc:2    | Found a staircase to the Elven Halls.
 14687 | Orc:2    | Noticed an orc warlord
 14744 | Orc:1    | Killed an orc warlord
 14827 | Orc:2    | Found Ysewoto's Antique Weapon Shop.
 14829 | Orc:2    | Found Jafaeneh's Antique Armour Boutique.
 15088 | Lair:1   | Upgraded the game from 0.30-a0-509-gd016549fea to
                  | 0.30-a0-528-g8c47a4955b
 15597 | Lair:3   | Identified the +3 scale mail of the Ant {Drain Will++}
 15739 | Lair:3   | Reached XP level 13. HP: 102/102 MP: 16/16
 15739 | Lair:3   | Noticed Urug
 15795 | Lair:3   | Killed Urug
 15933 | Lair:3   | Found a staircase to the Snake Pit.
 16189 | Lair:3   | Found a staircase to the Shoals.
 17056 | D:10     | Bought a runed buckler for 225 gold pieces
 17068 | D:10     | Bought a crude long sword for 255 gold pieces
 17068 | D:10     | Identified the +5 long sword "Giantslayer" {pain, Fly} (You
                  | bought it in a shop on level 10 of the Dungeon)
 17259 | Lair:4   | Noticed Rupert
 17275 | Lair:3   | Killed Rupert
 17383 | Lair:4   | Found a dark tunnel.
 17401 | Volcano  | Entered a volcano
 17493 | Volcano  | Reached skill level 15 in Dodging
 17516 | Volcano  | Reached skill level 5 in Shields
 17711 | Lair:4   | Identified the +7 flail of Quick Death {elec, rF+ MP+9
                  | Dex+2 Stlth+}
 18938 | D:11     | Identified the +12 sling "Kideleas" {elec, Int+4 Dex+3 SInv
                  | Stlth+}
 19554 | D:11     | Noticed Josephine
 19562 | D:11     | Killed Josephine
 19856 | Lair:5   | Entered Level 5 of the Lair of Beasts
 19962 | Lair:5   | Found a transporter.
 19970 | Lair:5   | Noticed Taurus's ghost (journeyman MiFi)
 19995 | Lair:5   | Reached XP level 14. HP: 115/115 MP: 17/17
 20057 | Lair:5   | Found a staircase to the Slime Pits.
 20066 | Lair:5   | Reached skill level 1 in Armour
 20444 | Lair:5   | Reached skill level 5 in Armour
 20639 | Lair:5   | Found a transporter.
 21042 | D:10     | Bought a scroll labelled DEGOJOYGEN for 30 gold pieces
 21203 | Snake:1  | Entered Level 1 of the Snake Pit
 21546 | Snake:1  | You fall into a shaft and drop 1 floor!
 21584 | Snake:2  | Reached skill level 15 in Ranged Weapons
 22240 | Snake:2  | Noticed Mlioglotl
 22260 | Snake:2  | Killed Mlioglotl
 22367 | Snake:2  | Found a transporter.
 22367 | Snake:2  | Noticed holysushi's ghost (adept OgCK)
 22656 | Snake:2  | Found a transporter.
 23022 | Snake:2  | Reached XP level 15. HP: 124/124 MP: 18/18
 23269 | Shoals:1 | Entered Level 1 of the Shoals
 23459 | Shoals:1 | Reached skill level 10 in Fighting
 23488 | Shoals:1 | Noticed Donald
 23496 | Shoals:1 | Killed Donald
 23730 | Shoals:1 | Found a runed translucent gate.
 23731 | Shoals:1 | Found a runed translucent gate.
 23732 | Shoals:1 | Found a runed translucent gate.
 23735 | Shoals:1 | Noticed sirJeffrey23's ghost (adept TrGl)
 26473 | Snake:3  | Noticed Azrael
 26541 | Snake:2  | Killed Azrael
 26774 | Snake:3  | Learned a level 2 spell: Blink
 26921 | Snake:3  | Noticed Jorgrun
 26932 | Snake:3  | Killed Jorgrun
 26933 | Snake:3  | Reached skill level 1 in Translocations
 27017 | Snake:3  | Got the Commentary on Bewitching Frostbite
 27298 | Snake:3  | Reached skill level 1 in Spellcasting
 27453 | Snake:3  | Reached skill level 1 in Evocations
 28732 | Shoals:3 | Reached XP level 16. HP: 134/134 MP: 21/21
 29769 | D:13     | Found the +4 skin of Zhor {*Englaciate rC+++ SInv}
 30083 | D:13     | Found a gate to the Vaults.
 30094 | D:13     | Reached skill level 10 in Shields
 30223 | D:13     | Found a portal to a secret trove of treasure.
 30581 | Snake:3  | Noticed Agnes
 30591 | Snake:3  | Killed Agnes
 30735 | Snake:4  | Entered Level 4 of the Snake Pit
 32802 | Snake:4  | Noticed Vashnia
 32849 | Snake:4  | Killed Vashnia
 33028 | Snake:4  | Got a serpentine rune of Zot
 33375 | Shoals:4 | Entered Level 4 of the Shoals
 33715 | Shoals:4 | Reached XP level 17. HP: 131/140 MP: 20/22
 33911 | Shoals:4 | Got a barnacled rune of Zot
 35095 | D:14     | Noticed Nessos
 35099 | D:14     | Killed Nessos
 35106 | D:14     | Identified Roxanne's Omnibus of Transformation
 35106 | D:14     | Noticed Roxanne
 35135 | D:14     | Killed Roxanne
 35163 | D:14     | Reached skill level 15 in Shields
 35998 | D:15     | Entered Level 15 of the Dungeon
 36331 | D:15     | Found a staircase to the Depths.
 36903 | Lair:1   | Identified a scroll of acquirement
 36906 | Lair:1   | Acquired a manual of Translocations
 37421 | Lair:5   | Killed Taurus's ghost
 37722 | Shoals:1 | Killed sirJeffrey23's ghost
 38126 | Snake:2  | Killed holysushi's ghost
 38635 | Elf:1    | Entered Level 1 of the Elven Halls
 38635 | Elf:1    | Found Meezxer's Assorted Antiques.
 38643 | Elf:1    | Bought a blackened bone amulet for 180 gold pieces
 38667 | Elf:1    | Reached skill level 5 in Translocations
 38979 | Elf:1    | You fall into a shaft and drop 1 floor!
 39058 | Elf:1    | Paralysed by an air elemental for 1 turns
 39450 | Elf:1    | Reached XP level 18. HP: 151/151 MP: 23/23
 40148 | Elf:2    | Found a huge runed translucent gate.
 40148 | Elf:2    | Found a huge runed translucent gate.
 40159 | Elf:2    | Found a huge runed translucent gate.
 40869 | Elf:2    | Found a huge runed translucent gate.
 40869 | Elf:2    | Found a huge runed translucent gate.
 42050 | Lair:1   | Learned a level 4 spell: Manifold Assault
 42216 | Vaults:1 | Entered Level 1 of the Vaults
 43005 | Vaults:1 | Reached skill level 5 in Evocations
 44509 | Vaults:2 | Identified the +6 great sword "Ynnanoss" {drain, rCorr}
 44743 | Vaults:2 | Reached XP level 19. HP: 162/162 MP: 26/26
 44969 | Vaults:2 | Found a staircase to the Crypt.
 45989 | Elf:3    | Entered Level 3 of the Elven Halls
 46224 | Elf:3    | Found a huge runed translucent gate.
 46224 | Elf:3    | Found a huge runed translucent gate.
 46224 | Elf:3    | Found a huge runed translucent gate.
 46224 | Elf:3    | Found a huge runed translucent gate.
 46237 | Elf:3    | Found a huge runed translucent gate.
 46238 | Elf:3    | Found a huge runed translucent gate.
 46239 | Elf:3    | Found a huge runed translucent gate.
 46246 | Elf:3    | Found a huge runed translucent gate.
 46304 | Elf:3    | Identified the +7 double sword of the Lettuce {vorpal, rF+}
 46844 | Elf:3    | Found Hytuq's Antique Weapon Emporium.
 47233 | Elf:3    | Identified the +6 hand axe of Sloth {drain, Int+3}
 47810 | Elf:3    | Identified the ring of Interdependent Arising {Wiz Dex+4}
 48234 | Elf:3    | Identified the +6 chain mail of the Healing Gods {rF++
                  | Int+5 Dex-4}
 48255 | Elf:3    | Identified the +3 short sword "Jiwokh" {vamp, Dex+3}
 48416 | Elf:3    | Identified the ring of Famysamo {rC+ Str+6 Int+4 Dex+5}
 49491 | Elf:3    | Found the +3 Mad Mage's Maulers {Infuse+∞ RegenMP Int-3}
 49557 | Elf:3    | Got the Folio of Leadership
 50143 | Elf:3    | Identified the +7 trident "Bar Gea" {vorpal, Dex+2}
 50809 | Crypt:1  | Entered Level 1 of the Crypt
 50809 | Crypt:1  | Noticed Margery
 51348 | Vaults:3 | Reached XP level 20. HP: 123/174 MP: 27/27
 53780 | Vaults:4 | Acquired the amulet of Compulsion {Regen+ Str+3 Stlth+}
 53887 | Vaults:4 | Found Hilaodd's Jewellery Shop.
 54803 | Vaults:4 | Identified the +8 long sword "Lenar" {flame, +Blink rElec
                  | rCorr Dex-5}
 55288 | Depths:1 | Entered Level 1 of the Depths
 55516 | Depths:1 | Identified the +6 scale mail of Nuobeseph {SInv}
 55554 | Depths:1 | Found a one-way gate to the infinite horrors of the Abyss.
 55635 | Depths:1 | Found a gateway to Hell.
 55808 | Depths:1 | Reached skill level 10 in Translocations
 56171 | Depths:2 | Noticed a dread lich
 56274 | Depths:1 | Killed a dread lich
 56390 | Depths:1 | Reached skill level 15 in Fighting
 56854 | Depths:2 | Noticed Bai Suzhen
 56863 | Depths:2 | Killed Bai Suzhen
 57526 | Depths:2 | Found Ebeirute's Distillery.
 57532 | Depths:2 | Bought a potion of invisibility for 104 gold pieces
 57569 | Depths:2 | Found a one-way gate leading to the halls of Pandemonium.
 57601 | Depths:2 | Learned a level 3 spell: Ozocubu's Armour
 58108 | Depths:3 | Noticed the Enchantress
 58336 | Depths:2 | Killed the Enchantress
 58704 | Depths:3 | Noticed Jory
 58756 | Depths:3 | Reached XP level 21. HP: 184/184 MP: 28/28
 59616 | Depths:3 | Found a one-way gateway to a ziggurat.
 60365 | Depths:4 | Entered Level 4 of the Depths
 60407 | Depths:4 | Paralysed by a floating eye for 4 turns
 60502 | Depths:4 | Noticed a caustic shrike
 60505 | Depths:4 | Noticed a caustic shrike
 60505 | Depths:4 | Noticed a caustic shrike
 60511 | Depths:3 | Killed a caustic shrike
 60519 | Depths:4 | Killed a caustic shrike
 60527 | Depths:4 | Killed a caustic shrike
 60527 | Depths:4 | Noticed a caustic shrike
 60528 | Depths:4 | Noticed a caustic shrike
 60540 | Depths:3 | Killed a caustic shrike
 60572 | Depths:3 | Killed a caustic shrike
 60757 | Depths:4 | Noticed a golden dragon
 60769 | Depths:4 | Killed a golden dragon
 60943 | Depths:4 | Killed Jory
 61480 | Depths:4 | Noticed a juggernaut
 61487 | Depths:4 | Killed a juggernaut
 61597 | Depths:4 | Found a gate to the Realm of Zot.
 62096 | Depths:4 | Noticed a golden dragon
 62117 | Depths:4 | Killed a golden dragon
 62605 | D:13     | You paid a toll of +3 shadow dragon scales to enter a
                  | treasure trove
 62606 | Trove    | Entered a treasure trove
 62646 | Trove    | Identified the ring of Plog {Fly Dex+6}
 62648 | Trove    | Identified the ring "Puedet" {rCorr Str+6 Dex-2 SInv
                  | Stlth-}
 62673 | Trove    | Identified the +1 robe of the Three of Wands {rC++}
 62675 | Trove    | Identified the +1 pair of gloves of Lugonu's Displeasure
                  | {Rampage}
 62932 | Lair:1   | Reached XP level 22. HP: 192/192 MP: 29/29
 62933 | Lair:1   | Reached XP level 23. HP: 199/199 MP: 30/30
 64023 | Vaults:5 | Entered Level 5 of the Vaults
 64033 | Vaults:5 | Reached skill level 10 in Armour
 64098 | Vaults:5 | Noticed Xtahua
 64109 | Vaults:5 | Killed Xtahua
 65027 | Vaults:5 | Found Venawini's Magic Scroll Boutique.
 65054 | Vaults:5 | Reached XP level 24. HP: 206/206 MP: 30/30
 65795 | Vaults:5 | Got a silver rune of Zot
 67069 | Vaults:5 | Identified the +5 great sword of Psychosis {spect, rC+}
 67832 | Vaults:5 | Found Senotied's General Store.
 67842 | Vaults:5 | Identified the +7 dagger "Zaesulet" {vorpal, rPois rF+
                  | Dex+4 Stlth+}
 67847 | Vaults:5 | Got the Exposition on Flaming Beckoning
 67857 | Vaults:5 | Bought a scroll of brand weapon for 161 gold pieces
 67859 | Vaults:5 | Bought the amulet "Tuab" {Drain rF+ rC+ Will+ Regen+} for
                  | 867 gold pieces
 67871 | Vaults:5 | Bought a +1 rapier of speed for 323 gold pieces
 68526 | Vaults:5 | Bought a scroll of blinking for 127 gold pieces
 68526 | Vaults:5 | Bought a scroll of amnesia for 68 gold pieces
 68526 | Vaults:5 | Bought a scroll of brand weapon for 161 gold pieces
 68526 | Vaults:5 | Bought a scroll of enchant weapon for 127 gold pieces
 68526 | Vaults:5 | Bought a scroll of teleportation for 51 gold pieces
 69761 | Zot:1    | Entered Level 1 of the Realm of Zot
 70649 | Zot:1    | Noticed an orb of fire
 70655 | Zot:1    | Gained mutation: Armour fits poorly on your strangely
                  | shaped body. [an orb of fire]
 70665 | Zot:1    | Gained mutation: You are frail. (-10% HP) [an orb of fire]
 70674 | Zot:1    | Killed an orb of fire
 71008 | Zot:1    | Reached skill level 1 in Ice Magic
 72367 | Crypt:1  | Noticed Sojobo
 72399 | Vaults:2 | Killed Sojobo
 72527 | Crypt:1  | Killed Margery
 72528 | Crypt:1  | Reached skill level 5 in Ice Magic
 72533 | Crypt:1  | Noticed Frederick
 72538 | Crypt:1  | Killed Frederick
 74088 | Lair:1   | Upgraded the game from 0.30-a0-528-g8c47a4955b to
                  | 0.30-a0-534-gdc55766716
 74182 | Slime:1  | Entered Level 1 of the Pits of Slime
 75343 | Slime:2  | Gained mutation: You sometimes lose your temper in combat.
                  | [a shining eye]
 75347 | Slime:2  | Gained mutation: You are weak. (Str -2) [a shining eye]
 75417 | Slime:2  | Reached skill level 10 in Evocations
 76108 | Slime:4  | Reached XP level 25. HP: 191/191 MP: 32/32
 76801 | Slime:5  | Entered Level 5 of the Pits of Slime
 77819 | Slime:5  | Noticed the Royal Jelly
 78211 | Slime:4  | HP: 3/191 [drowned by a quicksilver ooze[the Royal Jelly]
                  | (11)]
 78212 | Slime:4  | Drowned by a quicksilver ooze

Illustrated notes

Levels and vault maps discovered:
D:1:      dreamdust_arrival_beginning_and_end, layout_rooms
D:2:      layout_loops_ring, kennysheep_nub, st_stairs_8, uniq_robin
D:3:      layout_basic, dreamdust_ecumenical_altar_angels_and_demons
D:4:      layout_basic, grunt_temple_overflow_cloverleaf,
          mainiacjoe_overflow_alcove_2, grunt_ministairs_15, uniq_ijyb
D:5:      layout_basic, pdpol_wu_jian_five_deadly_venoms,
          mainiacjoe_overflow_concentric_impassable, minmay_hedge_maze,
          skrybe_limestone_x, minmay_puff
D:6:      layout_cave_pods, nicolae_overflow_hidden_temple, temple_green
D:7:      layout_cave_pods, zin_angel, serial_shops, nicolae_shop_waterfront,
          nicolae_shop_fire_sale [nicolae_sub_dead_trees]
D:8:      layout_cave_pools, mainiacjoe_overflow_24_doors,
          nicolae_qazlal_eye_of_the_storm, minmay_misc_feat_hallway
D:9:      layout_roguey, erik_lair_dragon, serial_shops, nicolae_stop_n_shop_1
D:10:     layout_roguey, tgw_kikubaaqudgha, mainiacjoe_overflow_swirl,
          orc_0_dummy, serial_shops, shop, serial_glass, glass_columns_a,
          glass_columns_a, uniq_amaemon
D:11:     layout_basic, lemuel_zombie_altar_yredelemnul, uniq_josephine
D:12:     layout_stronghold, serial_rivers, chequers_serial_rivers_small_b,
          chequers_serial_rivers_micro_a, chequers_serial_rivers_marsh,
          chequers_serial_rivers_micro_c, nicolae_kite_square_tiling_tiny
D:13:     layout_gridville, skrybe_vaults_entry_preservation,
          nicolae_trove_entry_path_of_doom, hellmonk_guarded_unrand_zhor
D:14:     layout_roguey, elyvilon_altar_3, uniq_nessos, uniq_roxanne
D:15:     grunt_enter_depths_hoard, layout_small_grid, okawaru_metal_pillars_1_2
Temple:   nicolae_temple_superstar
Lair:1:   layout_hall_layers, beast_lair_carwin_2
Lair:2:   layout_regular_city, gauntlet_entry_generic
Lair:3:   dreamdust_isle_of_ice, layout_layer_cave, elwin_shoals_entry_stream,
          guppyfry_snake_entry_island, grunt_megastairs_2, uniq_urug
Lair:4:   layout_cave_pods, nicolae_volcano_entry_lava_flow, grunt_megastairs_1,
          infiniplex_staircase_pool_2, uniq_rupert
Lair:5:   minmay_lair_end_frog_pond, layout_long_grid,
          minmay_slime_entry_oklob_open, gammafunk_ghost_arena,
          grunt_forest_stairs_basic
Shoals:1: layout_shoals, ebering_ghost_gozag, nicolae_shoals_so_close,
          uniq_donald
Shoals:2: layout_shoals, abandoned_shop
Shoals:3: layout_shoals, centaur_isle
Shoals:4: shoals_end_simple, layout_shoals
Snake:1:  layout_rooms, serial_curves, eino_curves_01, eino_curves_04
Snake:2:  layout_misc_corridors, gammafunk_ghost_arena, serial_bayou_lagoon_b,
          uniq_mlioglotl
Snake:3:  layout_misc_corridors, uniq_jorgrun, uniq_agnes, uniq_azrael
Snake:4:  grunt_snake_rune_serpentine_throne, layout_chambers, basic_altar
Slime:1:  layout_caves, amcnicky_altar_lugonu_corruption
Slime:2:  layout_caves
Slime:3:  layout_caves, cheibrodos_slime_lost_civilization_7
Slime:4:  layout_caves, basic_altar, cheibrodos_slime_lost_civilization_6
Slime:5
Orc:1:    layout_diamond_mine
Orc:2:    grunt_orc_community_town_hall, layout_caves,
          grunt_orc_community_big_house_1, grunt_orc_community_big_house_1,
          grunt_orc_community_house_3, grunt_orc_community_house_3,
          grunt_orc_community_house_3, grunt_orc_community_house_3, basic_altar
Elf:1:    layout_geoelf_grid, serial_shops, shop,
          hangedman_elven_crosses_minicolossus
Elf:2:    elven_hall_of_blades_hangedman_alternative
          [nicolae_blade_entry_pointy_end], layout_rooms, grunt_megastairs_4
Elf:3:    grunt_elf_hall_branching, layout_geoelf_grid, serial_shops,
          nicolae_shop_temple_entry_statues_fountains, minivault_26,
          nicolae_elf_double_double_double_trouble
Vaults:1: v_pattern_5, v_rooms_2, vaults_room_grid, v_misc_27,
          nicolae_vaults_mini_display_case, ontoclasm_vaults_gateway,
          hangedman_vaults_pinch, ontoclasm_vaults_idyll,
          vaults_standard_mumra_x, layout_vaults_omnigrid
Vaults:2: vaults_mumra_lcd, ontoclasm_vaults_ring_large,
          minmay_crypt_entry_simple_round, nicolae_vaults_little_squares_1,
          vaults_mumra_hex, vaults_dpeg_diagonal, vaults_mumra_chevron,
          vaults_room_corners, vaults_mumra_hexcomb, ontoclasm_vaults_pinch,
          v_misc_30, vaults_room_ringed_pool, hangedman_vaults_variations,
          hangedman_vaults_capsules, grunt_vaults_diagonal, layout_vaults_ring
Vaults:3: vaults_room_grid, vaults_room_octagon, nicolae_vaults_back_hallway,
          nicolae_vaults_little_ls, st_hourglassy, v_alt_pattern_1, v_misc_9,
          vaults_room_grunt_arrival_ludios, vaults_dpeg_hooks,
          vaults_dpeg_emergency_exit, nicolae_vaults_asterisk,
          nicolae_vaults_little_squares_4, ontoclasm_vaults_decontamination,
          vaults_room_corners, layout_vaults_big_room
Vaults:4: nicolae_vaults_network_star, vaults_room_pool, v_rooms_1,
          nicolae_vaults_network_quinsquares
          [nicolae_vaults_network_quincunx_subvault,
          nicolae_vaults_network_quincunx_subvault,
          nicolae_vaults_network_quincunx_subvault,
          nicolae_vaults_network_quincunx_subvault], vaults_room_hallway,
          ontoclasm_vaults_ring_large, nicolae_vaults_inception_scallops,
          ontoclasm_vaults_claustrophobia, vaults_room_door_ring,
          nicolae_vaults_border_crossing, ontoclasm_vaults_loading_screen,
          nicolae_vaults_gold_heap, layout_vaults_big_cross, serial_shops, shop
Vaults:5: serial_shops, uniq_xtahua
Crypt:1:  layout_catacombs, uniq_frederick, uniq_margery, uniq_sojobo
Depths:1: layout_basic, hell_entry, abyss_entry, kiku_gazebo_pond_becter
Depths:2: hellmonk_paralyzer, layout_cave_pools, grunt_hell_entry_dis_old,
          pan_entry, kennysheep_windowed_goal, uniq_bai_suzhen
Depths:3: wad_arrow_thing, layout_cave_pools, enter_ziggurat_e,
          abyss_entry_small_statue_room, hangedman_tar_grid_catacomb,
          wad_floor_pattern_untrapped, uniq_jory, uniq_enchantress
Depths:4: grunt_zot_entry_pinwheel, layout_long_grid, rand_demon_pan_entry_5,
          hell_entry
Zot:1:    layout_cellular_growth

Skill      XL: |  1  2  3  4  5  6  7  8  9 10 11 12 13 14 15 16 17 18 19 20 21 22 23 24 25 |
---------------+----------------------------------------------------------------------------+-----
Stealth        | 1 2 3 4 5 6 7 8 |  8.0
Fighting       | 2 3 4 5 6 8 9 10 11 12 14 15 | 15.0
Ranged Weapons | 4 5 6 8 10 11 12 14 15 16 17 18 | 18.0
Dodging        | 2 3 4 6 7 8 10 12 13 15 17 18 19 21 22 | 22.0
Shields        | 2 4 5 8 14 16 17 19 20 22 | 22.0
Armour         | 5 9 10 | 10.0
Translocations | 1 5 8 10 12 | 12.0
Spellcasting   | 1 2 3 4 |  4.0
Evocations     | 1 5 10 | 10.0
Ice Magic      | 5 6 |  6.9

Action                   |  1- 3 |  4- 6 |  7- 9 | 10-12 | 13-15 | 16-18 | 19-21 | 22-24 | 25-27 || total
-------------------------+-------+-------+-------+-------+-------+-------+-------+-------+-------++-------
Melee: Long sword        |       |       |       |       |    23 |     1 |       |       |       ||    24
       Sling             |       |       |       |       |       |       |     2 |       |       ||     2
 Fire: Shortbow          |    65 |       |       |       |       |       |       |       |       ||    65
       Sling             |    38 |   155 |   313 |  1037 |  1352 |  1932 |  1644 |  1109 |   314 ||  7894
       Hand crossbow     |       |       |       |       |       |       |   291 |   212 |    28 ||   531
 Cast: Blink             |       |       |       |       |       |     4 |     1 |       |       ||     5
       Manifold Assault  |       |       |       |       |       |       |     1 |       |       ||     1
       Ozocubu's Armour  |       |       |       |       |       |       |       |    27 |    33 ||    60
Evoke: Wand              |       |       |       |       |       |       |     5 |     2 |     1 ||     8
       Condenser vane    |       |       |       |       |       |       |       |     2 |       ||     2
       Phial of floods   |       |       |       |       |       |       |       |     1 |       ||     1
       Lightning rod     |       |       |       |       |       |       |       |       |     3 ||     3
  Use: Scroll            |       |     5 |     1 |     7 |    15 |     5 |    13 |     3 |       ||    49
       Potion            |       |       |       |     4 |     4 |     4 |     9 |     7 |     1 ||    29
 Stab: Sleeping          |       |       |       |       |       |     1 |       |       |       ||     1
Armor: Leather armour    |    14 |     5 |       |       |       |       |       |       |       ||    19
       Robe              |       |     6 |    31 |    28 |    18 |     3 |       |       |       ||    86
       Animal skin       |       |       |       |       |       |    29 |    14 |       |       ||    43
       Acid dragon scale |       |       |       |       |       |       |     9 |    32 |    18 ||    59
Dodge: Dodged            |    36 |    28 |   134 |   351 |   398 |   674 |   570 |   708 |   328 ||  3227
Block: Buckler           |       |    11 |    86 |   208 |   200 |       |       |       |       ||   505
       Reflection        |       |       |       |       |    42 |    59 |    29 |    37 |    10 ||   177
       Kite shield       |       |       |       |       |    93 |   879 |   777 |   889 |   397 ||  3035
       Rpst.: Long sword |       |       |       |       |    14 |     1 |       |       |       ||    15

Table legend: (Time is in decaauts)
 A = Elapsed time spent in this place.
 B = Non-inter-level travel time spent in this place.
 C = Inter-level travel time spent in this place.
 D = Time resting spent in this place.
 E = Time spent auto-exploring this place.
 F = Levels seen in this place.
 G = Mean time per level.
                   A        B        C        D        E       F      G
               +--------+--------+--------+--------+--------+-----+--------+
         Total |  77484 |  53395 |  24089 |   9052 |  21883 |  53 | 1462.0 |
       Dungeon |  25316 |  12225 |  13091 |   1005 |   7865 |  15 | 1687.7 |
        Temple |     27 |     23 |      4 |      0 |      0 |   1 |   27.0 |
          Lair |   8772 |   6549 |   2223 |   1141 |   2927 |   5 | 1754.4 |
        Shoals |   5176 |   4781 |    395 |    575 |   2428 |   4 | 1294.0 |
     Snake Pit |   6092 |   5289 |    803 |   2080 |   1350 |   4 | 1523.0 |
    Slime Pits |   3754 |   3332 |    422 |    706 |      0 |   5 |  750.8 |
  Orcish Mines |   2616 |   1818 |    798 |    230 |    946 |   2 | 1308.0 |
   Elven Halls |   5428 |   4058 |   1370 |    683 |    797 |   3 | 1809.3 |
        Vaults |  10830 |   7195 |   3635 |    820 |   2900 |   5 | 2166.0 |
         Crypt |    936 |    888 |     48 |    111 |    475 |   1 |  936.0 |
        Depths |   6063 |   4766 |   1297 |   1180 |   2040 |   4 | 1515.8 |
           Zot |   1507 |   1506 |      1 |    437 |    153 |   1 | 1507.0 |
         Trove |    179 |    179 |      0 |      0 |      0 |   1 |  179.0 |
       Volcano |    263 |    263 |      0 |      0 |      0 |   1 |  263.0 |
      Gauntlet |    520 |    520 |      0 |     81 |      0 |   1 |  520.0 |
               +--------+--------+--------+--------+--------+-----+--------+

Top non-repeatable levels by time:
     D:9: 7711 daAuts
Vaults:2: 2738 daAuts
Vaults:1: 2511 daAuts
    D:10: 2485 daAuts
   Elf:3: 2456 daAuts
  Lair:1: 2389 daAuts
 Snake:4: 2270 daAuts
    D:13: 2091 daAuts
  Lair:3: 2072 daAuts
Vaults:3: 1986 daAuts
Vaults:4: 1892 daAuts
Depths:4: 1880 daAuts
  Lair:2: 1802 daAuts
    D:12: 1783 daAuts
Depths:1: 1733 daAuts
